 Dungeon Crawl Stone Soup version 0.28-b1-25-g9875b3fc8c (webtiles) character file.

Game seed: 12417131042299673627

493 mcbry74 the Ruffian (level 6, -6/55 HPs)
             Began as a Troll Gladiator on Jan 31, 2022.
             Mangled by Duvessa (16 damage)
             ... on level 4 of the Dungeon.
             The game lasted 00:06:36 (2488 turns).

mcbry74 the Ruffian (Troll Gladiator)               Turns: 2488, Time: 00:06:37

Health: -6/55      AC:  5    Str: 23    XL:     6   Next: 92%
Magic:  5/5        EV: 10    Int:  6    God:
Gold:   168        SH:  0    Dex: 11    Spells: 5/5 levels left

rFire   . . .      SeeInvis .     - Unarmed
rCold   . . .      Faith    .   (no shield)
rNeg    . . .      Spirit   .   x - +1 robe {Will+}
rPois   .          Reflect  .   b - +0 hat
rElec   .          Harm     .   (no cloak)
rCorr   .          Rampage  .   (gloves unavailable)
Will    +....                   (boots unavailable)
Stlth   +.........              (no amulet)
HPRegen 0.98/turn               (no ring)
MPRegen 0.09/turn               (no ring)

@: no status effects
A: large, unfitting armour, claws 3, regeneration 1, shaggy fur 1, tough skin 1
a: no special abilities


You were on level 4 of the Dungeon.
You visited 1 branch of the dungeon, and saw 4 of its levels.

You collected 168 gold pieces.

Inventory:

Hand Weapons
 h - a +0 whip
 t - a +2 dagger of venom
 u - a +2 mace of protection
Missiles
 c - 2 throwing nets (quivered)
Armour
 a - a +0 robe
 b - a +0 hat (worn)
 x - a +1 robe of willpower (worn)
Jewellery
 r - a +4 ring of evasion
Wands
 n - a wand of paralysis (15)
Scrolls
 d - a scroll of enchant armour {unknown}
 e - 3 scrolls of torment {unknown}
 f - 2 scrolls of magic mapping {unknown}
 g - 2 scrolls of teleportation {unknown}
 l - 5 scrolls of identify {unknown}
 p - 2 scrolls of fog {unknown}
 s - 2 scrolls of fear {unknown}
 w - a scroll of vulnerability {unknown}
Potions
 i - 2 potions of heal wounds {unknown}
 j - a potion of curing {unknown}
 k - a potion of haste {unknown}
 m - 2 potions of mutation {unknown}
 o - a potion of flight {unknown}
 q - 2 potions of might {unknown}
 v - a potion of attraction {unknown}


   Skills:
 - Level 1.5 Fighting
 - Level 1.7 Throwing
 - Level 2.4 Dodging
 + Level 7.9 Unarmed Combat


You had 5 spell levels left.
You didn't know any spells.
Your spell library contained the following spells:

 Spells                   Type           Power      Damage    Failure   Level
 Sandblast                Erth           0%         2d4       45%         1
 Passwall                 Tmut/Erth      0%         N/A       58%         2
 Stone Arrow              Conj/Erth      0%         3d7       83%         3


Dungeon Overview and Level Annotations

Branches:
Dungeon (4/15)
 Temple: D:4-7

Altars:
Hepliaklqana
Makhleb

Shops:
D:4 (

Annotations:
D:4 Duvessa


Innate Abilities, Weirdness & Mutations

You are too large for most types of armour.
You have claws for hands.
Your natural rate of healing is unusually fast.
You are covered in fur. (AC +1)
You have tough skin. (AC +1)


Message History

You feel strong-willed.
You open the door.
Found a burning altar of Makhleb.
There is an open door here.
There is a burning altar of Makhleb here.
You kneel at the altar of Makhleb.
Unknown command.
Press < or > to pray at altars.
There is an open door here.
Found a stone staircase leading up.
Found a runed rapier.
Dowan, Brother of Duvessa comes into view.
He is wielding a +0 dagger.
Dowan shouts!
You hear a shout!
You see here a +1 rapier of electrocution.
You mangle Dowan!!
Dowan is severely wounded.
Dowan closely misses you.
Duvessa, Sister of Dowan comes into view.
She is wielding a +0 short sword.
You barely miss Dowan.
Dowan is severely wounded.
Dowan hits you but does no damage.
You claw Dowan!
You kill Dowan!
Duvessa screams in rage.
Duvessa goes berserk!
You scratch Duvessa but do no damage. Duvessa hits you with a +0 short sword!
You scratch Duvessa but do no damage. Duvessa barely misses you.
Duvessa misses you.
You claw Duvessa!
Duvessa is moderately wounded.
Duvessa hits you with a +0 short sword!!
You barely miss Duvessa.
Duvessa is moderately wounded.
Duvessa hits you with a +0 short sword!
You claw Duvessa!
Duvessa is heavily wounded.
Duvessa hits you with a +0 short sword!
* * * LOW HITPOINT WARNING * * *
Duvessa hits you with a +0 short sword!
You die...

.........# #.#
.........# #.#
###......# #.#
#......# #.#
#....### #.# #......
. #.# ######## ..
#.# #.#.######.# #.#
#....e@..#.# #.#
#....#..)#.# #.#
#...###..#.# #.#
##.#.#.#.#.# #.#
#...#...#.# #.#
#...#...#.######.###
#...#..............#
#...#....###########
#........#


You could see Duvessa (berserk).

Vanquished Creatures
  An ice beast (D:4)
  A black bear (D:3)
  An ogre (D:4)
  Dowan (D:4)
  An orc wizard (D:4)
  A gnoll (D:1)
  4 adders
  An adder skeleton (D:2)
  An adder zombie (D:2)
  2 worms
  4 dart slugs
  6 orcs
  7 ball pythons
  A bat skeleton (D:2)
  A bat zombie (D:2)
  6 endoplasms
  2 giant cockroaches
  5 goblins
  5 hobgoblins
  6 jackals
  9 kobolds
  A ball python zombie (D:2)
  5 bats
  7 frilled lizards
  A giant cockroach zombie (D:2)
  A quokka skeleton (D:2)
  2 rats
83 creatures vanquished.

Vanquished Creatures (others)
  4 withered plants (D:2)
4 creatures vanquished.

Grand Total: 87 creatures vanquished

Notes
Turn   | Place    | Note
-------+----------+-------------------------------------------
     0 | D:1      | mcbry74 the Troll Gladiator began the quest for the Orb.
     0 | D:1      | Reached XP level 1. HP: 19/19 MP: 0/0
   210 | D:1      | Reached XP level 2. HP: 27/27 MP: 1/1
   429 | D:1      | Reached skill level 4 in Unarmed Combat
   630 | D:1      | Reached XP level 3. HP: 19/33 MP: 2/2
   905 | D:2      | Identified the +1 ring mail of the Vaults {Rampage rPois
                  | rC- rCorr}
  1158 | D:2      | Reached skill level 5 in Unarmed Combat
  1158 | D:2      | Reached XP level 4. HP: 41/41 MP: 3/3
  1534 | D:3      | Noticed a black bear
  1544 | D:3      | Killed a black bear
  1545 | D:3      | Reached skill level 6 in Unarmed Combat
  1545 | D:3      | Reached XP level 5. HP: 48/48 MP: 4/4
  1938 | D:3      | Found a faded altar of an unknown god.
  2007 | D:4      | Found Fecvaxke's Weapon Emporium.
  2055 | D:4      | Found a hazy altar of Hepliaklqana.
  2133 | D:4      | Reached XP level 6. HP: 11/55 MP: 5/5
  2180 | D:4      | Noticed an ice beast
  2193 | D:4      | Killed an ice beast
  2194 | D:4      | Reached skill level 7 in Unarmed Combat
  2399 | D:4      | Found a burning altar of Makhleb.
  2476 | D:4      | Noticed Dowan
  2481 | D:4      | Noticed Duvessa
  2483 | D:4      | Killed Dowan
  2488 | D:4      | Mangled by Duvessa

Illustrated notes

Levels and vault maps discovered:
D:1:      kennysheep_arrival_forest, layout_loops_corners, minmay_tetromino_i4
D:2:      layout_rooms, serial_undead, serial_undead_e, serial_undead_f,
          serial_undead_e, serial_undead_a, serial_undead_b, serial_undead_e,
          serial_undead_b, serial_undead_d
D:3:      minmay_evil_eye, layout_loops_cross,
          hellmonk_ecumenical_altar_prayer_group
D:4:      layout_basic, general_overflow_altar, mainiacjoe_overflow_24_doors,
          lightli_temple_of_fire, serial_shops, nicolae_shop_crystal,
          nicolae_shop_advertising_works [nicolae_subvault_shop_adworks],
          nicolae_shop_waterfront, ebering_ghost_disaster_area, uniq_duvessa

Skill      XL: |  1  2  3  4  5  6 |
---------------+-------------------+-----
Unarmed Combat | 4 5 6 7 |  7.9
Fighting       | |  1.5
Throwing       | |  1.7
Dodging        | |  2.4

Action                   |  1- 3 |  4- 6 || total
-------------------------+-------+-------++-------
Melee: Unarmed           |    98 |    96 ||   194
       Punch             |     1 |     4 ||     5
       Dagger            |       |    22 ||    22
Throw: Throwing net      |       |     2 ||     2
 Stab: Sleeping          |     1 |       ||     1
       Held in net/web   |       |     1 ||     1
Armor: Robe              |    27 |    40 ||    67
Dodge: Dodged            |    38 |    63 ||   101
